 Dungeon Crawl Stone Soup version 0.28.0-45-g0d030f2227 (webtiles) character file.

Game seed: 15303400634577962647

88 Ablot the Grasshopper (level 4, -2/38 HPs)
             Began as a Gnoll Warper on Apr 10, 2022.
             Killed from afar by a white imp (6 damage)
             ... with a puff of frost
             ... on level 3 of the Dungeon.
             The game lasted 00:02:34 (2659 turns).

Ablot the Grasshopper (Gnoll Warper)                Turns: 2659, Time: 00:02:34

Health: -2/38      AC:  4    Str: 16    XL:     4   Next: 54%
Magic:  11/11      EV: 13    Int: 13    God:
Gold:   88         SH:  0    Dex: 11    Spells: 10/13 levels left

rFire   . . .      SeeInvis .   a - +0 spear
rCold   . . .      Faith    .   (no shield)
rNeg    . . .      Spirit   .   b - +0 leather armour
rPois   .          Reflect  .   (no helmet)
rElec   .          Harm     .   (no cloak)
rCorr   .          Rampage  .   r - +0 pair of gloves of Daffodils {Str+4}
Will    .....                   (no boots)
Stlth   +.........              (no amulet)
HPRegen 0.12/turn               (no ring)
MPRegen 0.12/turn               (no ring)

@: no status effects
A: fangs 1, strong nose, distributed training
a: no special abilities


You were on level 3 of the Dungeon.
You visited 1 branch of the dungeon, and saw 3 of its levels.

You collected 88 gold pieces.

Inventory:

Hand Weapons
 a - a +0 spear (weapon)
Missiles
 d - 5 boomerangs of dispersal
 i - 34 arrows
 j - 5 poisoned darts (quivered)
 n - 60 stones
 p - 40 bolts
Armour
 b - a +0 leather armour (worn)
 r - the +0 pair of gloves of Daffodils (worn) {Str+4}
   (You found it on level 3 of the Dungeon)

   Str:       It affects your strength (+4).
Magical Staves
 h - a staff of cold
Scrolls
 c - a scroll of blinking
 e - 3 scrolls of identify {unknown}
 g - 4 scrolls of teleportation {unknown}
 k - a scroll of fear {unknown}
Potions
 f - a potion of resistance {unknown}
 l - a potion of degeneration {unknown}
 m - a potion of curing
 o - 2 potions of heal wounds {unknown}
 q - a potion of brilliance {unknown}


   Skills:
 + Level 4.6 Fighting
 + Level 1.2 Short Blades
 + Level 1.2 Long Blades
 + Level 1.2 Axes
 + Level 1.2 Maces & Flails
 + Level 4.6 Polearms
 + Level 1.2 Staves
 + Level 1.2 Slings
 + Level 1.2 Bows
 + Level 1.2 Crossbows
 + Level 2.8 Throwing
 + Level 2.8 Armour
 + Level 4.6 Dodging
 + Level 1.2 Stealth
 + Level 1.2 Shields
 + Level 1.2 Unarmed Combat
 + Level 5.1 Spellcasting
 + Level 1.0 Conjurations
 + Level 1.0 Hexes
 + Level 1.0 Summonings
 + Level 1.0 Necromancy
 + Level 5.5 Translocations
 + Level 1.0 Transmutations
 + Level 1.0 Fire Magic
 + Level 1.0 Ice Magic
 + Level 1.0 Air Magic
 + Level 1.0 Earth Magic
 + Level 1.0 Poison Magic
 + Level 1.3 Invocations
 + Level 1.2 Evocations


You had 10 spell levels left.
You knew the following spells:

 Your Spells              Type           Power      Damage    Failure   Level
a - Apportation           Tloc           34%        N/A       2%          1
b - Blink                 Tloc           34%        N/A       3%          2

Your spell library contained the following spells:

 Spells                   Type           Power      Damage    Failure   Level
 Gell's Gravitas          Tloc           17%        N/A       7%          3
 Lesser Beckoning         Tloc           17%        N/A       7%          3
 Teleport Other           Tloc           17%        N/A       7%          3
 Manifold Assault         Tloc           17%        N/A       54%         5
 Alistair's Intoxication  Tmut/Pois      3%         N/A       99%         5


Dungeon Overview and Level Annotations

Branches:
Dungeon (3/15)

Altars:
Fedhas
Sif Muna
Trog


Innate Abilities, Weirdness & Mutations

You have very sharp teeth.
Your uncanny sense of smell can sniff out nearby items.
Your experience applies equally to all skills.


Message History

You are too injured to fight recklessly!
You are too injured to fight recklessly!
You are too injured to fight recklessly!
You are too injured to fight recklessly!
You are too injured to fight recklessly!
You are too injured to fight recklessly!
You are too injured to fight recklessly!
You are too injured to fight recklessly!
You are too injured to fight recklessly!
You are too injured to fight recklessly!
You are too injured to fight recklessly!
You are too injured to fight recklessly!
You closely miss the white imp.
The white imp is almost dead.
The white imp closely misses you.
You hit the white imp but do no damage. Your bite misses the white imp.
The white imp is almost dead.
The white imp closely misses you.
You hit the white imp but do no damage.
The white imp is almost dead.
The white imp gestures at you. The puff of frost hits you.
You hit the white imp but do no damage. Your punch misses the white imp.
The white imp is almost dead.
The white imp gestures at you. The puff of frost hits you!
* * * LOW HITPOINT WARNING * * *
You hit the white imp but do no damage.
The white imp is almost dead.
The white imp hits you but does no damage.
You completely miss the white imp.
The white imp is almost dead.
You closely miss the white imp.
The white imp is almost dead.
The white imp hits you but does no damage.
You hit the white imp but do no damage.
The white imp is almost dead.
The white imp gestures at you. The puff of frost hits you.
You die...

#................#
########.##############.#
#.<......# #.# ##########
### #.# ∆ #..# #.#
##.:_######.#
##....##..##.######
##..5###............
#..@###..[........##
#...#∩#...#...)....#
#....###...##.#......#
#...###...###.#..###<#
#..##....## #.#........
### #_).## #.#...#####
#..## #.....# #### .....#
####.##


You could see a white imp.

Vanquished Creatures
  2 gnolls
  An adder (D:2)
  A dart slug (D:2)
  An orc (D:2)
  5 bats (D:2)
  5 endoplasms
  A giant cockroach (D:2)
  4 goblins
  4 hobgoblins
  4 quokkas
  9 ball pythons
  4 frilled lizards
  6 kobolds
  5 rats
52 creatures vanquished.

Vanquished Creatures (others)
  4 toadstools (D:1)
4 creatures vanquished.

Grand Total: 56 creatures vanquished

Notes
Turn   | Place    | Note
-------+----------+-------------------------------------------
     0 | D:1      | Ablot the Gnoll Warper began the quest for the Orb.
     0 | D:1      | Reached XP level 1. HP: 20/20 MP: 6/6
   258 | D:1      | Reached XP level 2. HP: 25/26 MP: 7/7
   260 | D:1      | Learned a level 1 spell: Apportation
   263 | D:1      | Learned a level 2 spell: Blink
   815 | D:2      | Reached XP level 3. HP: 26/31 MP: 9/9
   902 | D:2      | Reached skill level 5 in Spellcasting
  1191 | D:2      | Reached skill level 1 in Invocations
  1597 | D:2      | Reached skill level 1 in Short Blades
  1597 | D:2      | Reached skill level 1 in Long Blades
  1597 | D:2      | Reached skill level 1 in Axes
  1597 | D:2      | Reached skill level 1 in Maces & Flails
  1597 | D:2      | Reached skill level 1 in Staves
  1597 | D:2      | Reached skill level 1 in Slings
  1597 | D:2      | Reached skill level 1 in Bows
  1597 | D:2      | Reached skill level 1 in Crossbows
  1597 | D:2      | Reached skill level 1 in Stealth
  1597 | D:2      | Reached skill level 1 in Shields
  1597 | D:2      | Reached skill level 1 in Unarmed Combat
  1597 | D:2      | Reached skill level 1 in Evocations
  1597 | D:2      | Reached XP level 4. HP: 19/38 MP: 11/11
  1927 | D:2      | Found a blossoming altar of Fedhas.
  2498 | D:3      | Identified the +0 pair of gloves of Daffodils {Str+4}
  2630 | D:3      | Reached skill level 1 in Conjurations
  2630 | D:3      | Reached skill level 1 in Hexes
  2630 | D:3      | Reached skill level 1 in Summonings
  2630 | D:3      | Reached skill level 1 in Necromancy
  2630 | D:3      | Reached skill level 1 in Transmutations
  2630 | D:3      | Reached skill level 1 in Fire Magic
  2630 | D:3      | Reached skill level 1 in Ice Magic
  2630 | D:3      | Reached skill level 1 in Air Magic
  2630 | D:3      | Reached skill level 1 in Earth Magic
  2630 | D:3      | Reached skill level 1 in Poison Magic
  2630 | D:3      | Found a bloodstained altar of Trog.
  2647 | D:3      | Found a shimmering blue altar of Sif Muna.
  2659 | D:3      | Killed from afar by a white imp

Illustrated notes

Levels and vault maps discovered:
D:1:      ldierk_walled_garden_2, layout_loops_ring, minmay_split_cup_small
D:2:      kennysheep_six_static_rooms, layout_loops_ring, basic_altar,
          minmay_cut_off
D:3:      layout_basic, nzn_overflow_gifts_of_might_and_magic

Skill      XL: |  1  2  3  4 |
---------------+-------------+-----
Spellcasting   | 5 |  5.1
Invocations    | 1 |  1.3
Short Blades   | 1 |  1.2
Long Blades    | 1 |  1.2
Axes           | 1 |  1.2
Maces & Flails | 1 |  1.2
Staves         | 1 |  1.2
Slings         | 1 |  1.2
Bows           | 1 |  1.2
Crossbows      | 1 |  1.2
Stealth        | 1 |  1.2
Shields        | 1 |  1.2
Unarmed Combat | 1 |  1.2
Evocations     | 1 |  1.2
Conjurations   | 1 |  1.0
Hexes          | 1 |  1.0
Summonings     | 1 |  1.0
Necromancy     | 1 |  1.0
Transmutations | 1 |  1.0
Fire Magic     | 1 |  1.0
Ice Magic      | 1 |  1.0
Air Magic      | 1 |  1.0
Earth Magic    | 1 |  1.0
Poison Magic   | 1 |  1.0
Fighting       | |  4.6
Polearms       | |  4.6
Throwing       | |  2.8
Armour         | |  2.8
Dodging        | |  4.6
Translocations | |  5.5

Action                   |  1- 3 |  4- 6 || total
-------------------------+-------+-------++-------
Melee: Spear             |   135 |    68 ||   203
       Bite              |     4 |     6 ||    10
       Punch             |     2 |       ||     2
Throw: Dart              |       |     2 ||     2
 Stab: Sleeping          |     1 |       ||     1
Armor: Leather armour    |    18 |    12 ||    30
Dodge: Dodged            |    70 |    29 ||    99
